3AA
GLENDALE HERONS @ SAN BERNARDINO GRASSHOPPERS
08/17/2025
 
TOP OF THE 1ST
Glendale Herons batting - Pitching for San Bernardino Grasshoppers : RHP Jim Unknown
Pitching: RHP Jim Unknown
Batting: RHB Luis Trevino 0-0: Fly out, F9 (Flyball, 89M)
Batting: RHB Jordan Hollins 0-0: Ball
1-0: Called Strike
1-1: Swinging Strike
1-2: Ball
2-2: Ball
3-2: Fly out, F8 (Flyball, 78D)
Batting: RHB Lúcio Sánchez 0-0: Ball
1-0: Foul Ball, location: 2F
1-1: Ball
2-1: Called Strike
2-2: Ball
3-2: Foul Ball, location: 2F
3-2: Ground out 6-3 (Groundball, 6)
Top of the 1st over - 0 run(s), 0 hit(s), 0 error(s), 0 left on base; Glendale 0 - San Bernardino 0
BOTTOM OF THE 1ST
San Bernardino Grasshoppers batting - Pitching for Glendale Herons : RHP Rocky Lannan
Pitching: RHP Rocky Lannan
Batting: RHB Manuel García 0-0: Ground out 5-3 (Groundball, 56)
Batting: RHB Jaime López 0-0: Ball
1-0: Ball
2-0: Called Strike
2-1: Ground out 1-3 (Groundball, 13S)
Batting: SHB Zuberi Mccray 0-0: Ball
1-0: Ball
2-0: Ball
3-0: Base on Balls
Batting: LHB Michael Nelson 0-0: Ball
Pickoff Throw to First - Out!
Bottom of the 1st over - 0 run(s), 0 hit(s), 0 error(s), 0 left on base; Glendale 0 - San Bernardino 0
TOP OF THE 2ND
Glendale Herons batting - Pitching for San Bernardino Grasshoppers : RHP Jim Unknown
Batting: RHB Ronald Drumpf 0-0: Foul Ball, location: 2F
0-1: Foul Ball, location: 2F
0-2: Ball
1-2: Foul Ball, location: 2F
1-2: Ball
2-2: Reached on error, E5 (Groundball, 5)
Batting: RHB José Masaferro 0-0: Foul Ball, location: 2F
0-1: Ball
1-1: Called Strike
1-2: SINGLE (Groundball, 34D)
Ronald Drumpf to second
Runner from 2nd tries for 3rd, SAFE, throw made to third
Batting: RHB Cristián Lima 0-0: Ball
1-0: Foul Ball, location: 2F
1-1: Ball
2-1: Ball
3-1: Foul Ball, location: 2F
3-2: Base on Balls
José Masaferro to second
Batting: RHB Ramón Hernández 0-0: Fly out, F9 (Flyball, 89M)
Runner from 3rd tags up, SCORES, throw made
Batting: SHB Raúl Duarte 0-0: Called Strike
0-1: Ball
1-1: Ball
2-1: Swinging Strike
2-2: Ball
3-2: Foul Ball, location: 2F
3-2: Strikes out swinging
Batting: RHB José Villegas 0-0: Called Strike
0-1: Ball
1-1: Swinging Strike
1-2: Fly out, F4 (Popup, 34D)
Top of the 2nd over - 1 run(s), 1 hit(s), 1 error(s), 2 left on base; Glendale 1 - San Bernardino 0
BOTTOM OF THE 2ND
San Bernardino Grasshoppers batting - Pitching for Glendale Herons : RHP Rocky Lannan
Batting: LHB Michael Nelson 0-0: Called Strike
0-1: Ball
1-1: SINGLE (Line Drive, 6D)
Batting: RHB Alwin Vreekamp 0-0: Foul Ball, location: 2F
0-1: Ball
1-1: Grounds into double play, 6-4-3 (Groundball, 6)
Batting: LHB Natale Langushi 0-0: Ball
1-0: Ball
2-0: Ball
3-0: Called Strike
3-1: Base on Balls
Batting: LHB Homer Spence 0-0: Called Strike
0-1: Foul Ball, location: 2F
0-2: Strikes out swinging
Bottom of the 2nd over - 0 run(s), 1 hit(s), 0 error(s), 1 left on base; Glendale 1 - San Bernardino 0
TOP OF THE 3RD
Glendale Herons batting - Pitching for San Bernardino Grasshoppers : RHP Jim Unknown
Batting: RHB Luis Trevino 0-0: Called Strike
0-1: Ball
1-1: Ball
2-1: Swinging Strike
2-2: SINGLE (Groundball, 6MS) (infield hit)
Batting: RHB Jordan Hollins 0-0: Foul Ball, location: 2F
0-1: Grounds into double play, 4-6-3 (Groundball, 4)
Batting: RHB Lúcio Sánchez 0-0: Swinging Strike
0-1: Foul Ball, location: 2F
0-2: Strikes out swinging
Top of the 3rd over - 0 run(s), 1 hit(s), 0 error(s), 0 left on base; Glendale 1 - San Bernardino 0
BOTTOM OF THE 3RD
San Bernardino Grasshoppers batting - Pitching for Glendale Herons : RHP Rocky Lannan
Batting: RHB Matt Roloff 0-0: Called Strike
0-1: Swinging Strike
0-2: Strikes out looking
Batting: RHB José Urruticodez 0-0: Called Strike
0-1: Ball
1-1: Ball
2-1: Swinging Strike
2-2: Ground out 1-3 (Groundball, 13)
Batting: RHB Manuel García 0-0: Ground out 5-3 (Groundball, 56S)
Bottom of the 3rd over - 0 run(s), 0 hit(s), 0 error(s), 0 left on base; Glendale 1 - San Bernardino 0
TOP OF THE 4TH
Glendale Herons batting - Pitching for San Bernardino Grasshoppers : RHP Jim Unknown
Batting: RHB Ronald Drumpf 0-0: Ball
1-0: Ball
2-0: Foul Ball, location: 2F
2-1: Ground out 5-3 (Groundball, 5)
Batting: RHB José Masaferro 0-0: Ball
1-0: Foul Ball, location: 2F
1-1: Swinging Strike
1-2: Ball
2-2: Ball
3-2: Fly out, F8 (Line Drive, 8RM)
Batting: RHB Cristián Lima 0-0: Called Strike
0-1: Ball
1-1: Ball
2-1: Foul Ball, location: 2F
2-2: Ball
3-2: Ground out 6-3 (Groundball, 6)
Top of the 4th over - 0 run(s), 0 hit(s), 0 error(s), 0 left on base; Glendale 1 - San Bernardino 0
BOTTOM OF THE 4TH
San Bernardino Grasshoppers batting - Pitching for Glendale Herons : RHP Rocky Lannan
Batting: RHB Jaime López 0-0: Called Strike
0-1: Swinging Strike
0-2: Foul Ball, location: 2F
0-2: Ball
1-2: Ball
2-2: Ground out 5-3 (Groundball, 56S)
Batting: SHB Zuberi Mccray 0-0: Fly out, F8 (Line Drive, 8RM)
Batting: LHB Michael Nelson 0-0: Ball
1-0: Swinging Strike
1-1: Ball
2-1: Called Strike
2-2: Ball
3-2: Base on Balls
Batting: RHB Alwin Vreekamp 0-0: Foul Ball, location: 2F
0-1: Called Strike
0-2: Fly out, F6 (Popup, 56D)
Bottom of the 4th over - 0 run(s), 0 hit(s), 0 error(s), 1 left on base; Glendale 1 - San Bernardino 0
TOP OF THE 5TH
Glendale Herons batting - Pitching for San Bernardino Grasshoppers : RHP Jim Unknown
Batting: RHB Ramón Hernández 0-0: Ball
1-0: Foul Ball, location: 2F
1-1: Called Strike
1-2: Strikes out swinging, 2-3 out at first.
Batting: SHB Raúl Duarte 0-0: Ground out 6-3 (Groundball, 6S)
Batting: RHB José Villegas 0-0: Ball
1-0: Foul Ball, location: 2F
1-1: Ground out 6-3 (Groundball, 6)
Top of the 5th over - 0 run(s), 0 hit(s), 0 error(s), 0 left on base; Glendale 1 - San Bernardino 0
BOTTOM OF THE 5TH
San Bernardino Grasshoppers batting - Pitching for Glendale Herons : RHP Rocky Lannan
Batting: LHB Natale Langushi 0-0: Swinging Strike
0-1: Called Strike
0-2: Strikes out looking
Batting: LHB Homer Spence 0-0: Ball
1-0: Ball
2-0: Ball
3-0: Base on Balls
Batting: RHB Matt Roloff 0-0: Ball
1-0: Called Strike
1-1: Ball
2-1: Ball
3-1: Base on Balls
Homer Spence to second
Batting: RHB José Urruticodez 0-0: Foul Ball, location: 2F
0-1: Ball
1-1: Called Strike
1-2: Foul Ball, location: 2F
1-2: Fly out, F8 (Line Drive, 8LM)
Batting: RHB Manuel García 0-0: Fielders Choice at 2nd, 5-4 (Groundball, 56)
Bottom of the 5th over - 0 run(s), 0 hit(s), 0 error(s), 1 left on base; Glendale 1 - San Bernardino 0
TOP OF THE 6TH
Glendale Herons batting - Pitching for San Bernardino Grasshoppers : RHP Jim Unknown
Batting: RHB Luis Trevino 0-0: SINGLE (Line Drive, 34D)
Batting: RHB Jordan Hollins 0-0: Bunted foul
0-1: Sac Bunt - play at first, batter OUT! 1-4
Luis Trevino to second
Batting: RHB Lúcio Sánchez 0-0: Intentional Walk
Batting: RHB Ronald Drumpf 0-0: Called Strike
0-1: Ball
1-1: Fielders Choice at 2nd, 1-6 (Groundball, P)
Luis Trevino to third
Batting: RHB José Masaferro 0-0: Ball
1-0: Ball
2-0: Ball
Wild Pitch!
Luis Trevino scores
Ronald Drumpf to second
3-0: Called Strike
3-1: Foul Ball, location: 2F
3-2: Strikes out swinging
Top of the 6th over - 1 run(s), 1 hit(s), 0 error(s), 1 left on base; Glendale 2 - San Bernardino 0
BOTTOM OF THE 6TH
San Bernardino Grasshoppers batting - Pitching for Glendale Herons : RHP Rocky Lannan
Batting: RHB Jaime López 0-0: Called Strike
0-1: Ball
1-1: Swinging Strike
1-2: Ground out 5-3 (Groundball, 5)
Batting: SHB Zuberi Mccray 0-0: Ball
1-0: Called Strike
1-1: Foul Ball, location: 2F
1-2: Fly out, F9 (Flyball, 9)
Batting: LHB Michael Nelson 0-0: Ball
1-0: Ball
2-0: Ball
3-0: Base on Balls
Batting: RHB Alwin Vreekamp 0-0: Ball
Michael Nelson is caught stealing 2nd base
Bottom of the 6th over - 0 run(s), 0 hit(s), 0 error(s), 0 left on base; Glendale 2 - San Bernardino 0
TOP OF THE 7TH
Glendale Herons batting - Pitching for San Bernardino Grasshoppers : RHP Jim Unknown
Batting: RHB Cristián Lima 0-0: SINGLE (Line Drive, 6M)
Batting: RHB Ramón Hernández 0-0: Ball
1-0: Called Strike
1-1: Sac Bunt - play at first, batter OUT! 1-3
Cristián Lima to second
Batting: SHB Raúl Duarte 0-0: Foul Ball, location: 2F
0-1: Ball
1-1: Foul Ball, location: 2F
1-2: Ball
2-2: Strikes out swinging
Batting: RHB José Villegas 0-0: Called Strike
0-1: SINGLE (Groundball, 6M) (infield hit)
Cristián Lima to third
Pinch Hitting: RHB Héctor Moreno 0-0: Ball
1-0: Ball
2-0: Called Strike
2-1: Ball
3-1: Foul Ball, location: 2F
3-2: Base on Balls
José Villegas to second
Pitching: RHP Héctor Rosado
Pinch Hitting: LHB Héctor Rivera 0-0: Called Strike
0-1: Foul Ball, location: 2F
0-2: Ball
1-2: Ball
2-2: Ball
3-2: Foul Ball, location: 2F
3-2: Strikes out swinging
Top of the 7th over - 0 run(s), 2 hit(s), 0 error(s), 3 left on base; Glendale 2 - San Bernardino 0
BOTTOM OF THE 7TH
San Bernardino Grasshoppers batting - Pitching for Glendale Herons : RHP Rocky Lannan
Now at 3B: Javier Lima
Now at SS: Héctor Rivera
Batting: RHB Alwin Vreekamp 0-0: Ground out 5-3 (Groundball, 56)
Batting: LHB Natale Langushi 0-0: Foul Ball, location: 2F
0-1: SOLO HOME RUN (Flyball, 9LD), Distance : 345 ft
Batting: LHB Homer Spence 0-0: SINGLE (Flyball, 8LS)
Batting: RHB Matt Roloff 0-0: Ball
1-0: Called Strike
1-1: Fly out, F4 (Line Drive, 4M)
Pinch Hitting: LHB Marcos Deleón 0-0: Called Strike
0-1: Ball
1-1: Ground out 1-3 (Groundball, 15S)
Bottom of the 7th over - 1 run(s), 2 hit(s), 0 error(s), 1 left on base; Glendale 2 - San Bernardino 1
TOP OF THE 8TH
Glendale Herons batting - Pitching for San Bernardino Grasshoppers : RHP Pablo Vargas
Pitching: RHP Pablo Vargas
Now at SS: Marcos Deleón
Batting: RHB Lúcio Sánchez 0-0: Ball
1-0: Called Strike
1-1: SINGLE (Line Drive, 6D)
Batting: RHB Ronald Drumpf 0-0: Called Strike
0-1: Ball
1-1: DOUBLE (Flyball, 78D)
Lúcio Sánchez to third
Pinch Hitting: LHB José Rodríguez 0-0: Intentional Walk
Batting: RHB Cristián Lima 0-0: Called Strike
0-1: SINGLE (Line Drive, 7S)
Lúcio Sánchez scores
Ronald Drumpf to third
José Rodríguez to second
Batting: RHB Ramón Hernández 0-0: Foul Ball, location: 2F
0-1: Swinging Strike
0-2: Hit by Pitch
Ronald Drumpf scores
José Rodríguez to third
Cristián Lima to second
Pinch Hitting: LHB Jim Unknown 0-0: Ball
1-0: Called Strike
1-1: Ball
2-1: Swinging Strike
2-2: Foul Ball, location: 2F
2-2: Foul Ball, location: 2F
2-2: Foul Ball, location: 2F
2-2: Grounds into fielders choice 4-2 (Groundball, 4)
Cristián Lima to third
Ramón Hernández to second
Pinch Hitting: RHB Jim Unknown 0-0: Called Strike
0-1: Called Strike
0-2: Ball
1-2: Foul Ball, location: 2F
1-2: Grounds into fielders choice 4-2 (Groundball, 4)
Ramón Hernández to third
Jim Unknown to second
Pinch Hitting: RHB Santiago Ramos 0-0: Foul Ball, location: 2F
0-1: Swinging Strike
0-2: Strikes out swinging
Top of the 8th over - 2 run(s), 3 hit(s), 0 error(s), 3 left on base; Glendale 4 - San Bernardino 1
BOTTOM OF THE 8TH
San Bernardino Grasshoppers batting - Pitching for Glendale Herons : RHP Rocky Lannan
Now at 2B: Tom Oglander
Now at 3B: Jim Unknown
Now at SS: Marvin von Seydlitz
Now in LF: Jim Unknown
Batting: RHB Manuel García 0-0: Ball
1-0: Foul Ball, location: 2F
1-1: Ball
2-1: Fly out, F9 (Flyball, 89M)
Pitching: RHP José Peña
Batting: RHB Jaime López 0-0: Ball
1-0: Ground out 6-3 (Groundball, 6MD)
Batting: SHB Zuberi Mccray 0-0: Ball
1-0: Ball
2-0: Called Strike
2-1: Ball
3-1: SINGLE (Groundball, 4MD)
Pitching: RHP Carlos Rúbio
Batting: LHB Michael Nelson 0-0: Ball
1-0: Fielders Choice at 2nd, 4-6 (Groundball, 4)
Bottom of the 8th over - 0 run(s), 1 hit(s), 0 error(s), 0 left on base; Glendale 4 - San Bernardino 1
TOP OF THE 9TH
Glendale Herons batting - Pitching for San Bernardino Grasshoppers : RHP Pablo Vargas
Batting: LHB Héctor Rivera 0-0: Fly out, F7 (Flyball, 7LD)
Batting: RHB Lúcio Sánchez 0-0: Ball
1-0: Foul Ball, location: 2F
1-1: Fly out, F8 (Flyball, 8RD)
Batting: RHB Ronald Drumpf 0-0: Fly out, F7 (Flyball, 7)
Top of the 9th over - 0 run(s), 0 hit(s), 0 error(s), 0 left on base; Glendale 4 - San Bernardino 1
BOTTOM OF THE 9TH
San Bernardino Grasshoppers batting - Pitching for Glendale Herons : RHP Carlos Rúbio
Pitching: LHP Ralph Horn
Batting: RHB Alwin Vreekamp 0-0: Ball
1-0: Swinging Strike
1-1: SINGLE (Groundball, 56S) (infield hit)
Batting: LHB Natale Langushi 0-0: Foul Ball, location: 2F
0-1: Swinging Strike
0-2: Foul Ball, location: 2F
0-2: Ball
1-2: Ball
2-2: Foul Ball, location: 2F
2-2: Grounds into double play, 5-4-3 (Groundball, 56D)
Batting: LHB Homer Spence 0-0: Foul Ball, location: 2F
0-1: Foul Ball, location: 2F
0-2: Foul Ball, location: 2F
0-2: Strikes out swinging
Bottom of the 9th over - 0 run(s), 1 hit(s), 0 error(s), 0 left on base; Glendale 4 - San Bernardino 1
Friday, December 30th, 2016 - OOTP Baseball 17.12 Build 75